 Dungeon Crawl Stone Soup version 0.21.0-3-g78d12a8 (webtiles) character file.

274 Monsterracer the Sneak (level 6, -6/38 HPs)
             Began as a Kobold Assassin on Jan 16, 2018.
             Killed by divine providence
             ... invoked by an orc priest
              (9 damage)
             ... on level 3 of the Dungeon.
             The game lasted 00:06:22 (2731 turns).

Monsterracer the Sneak (Kobold Assassin)            Turns: 2731, Time: 00:06:23

Health: -6/38      AC:  5    Str:  8    XL:     6   Next: 49%
Magic:  6/6        EV: 14    Int: 18    God:
Gold:   34         SH:  0    Dex: 18    Spells: 5/5 levels left

rFire    . . .     SeeInvis .   a - +1 dagger (speed)
rCold    . . .     Gourm    .   (shield restricted)
rNeg     . . .     Faith    .   q - +2 robe
rPois    .         Spirit   .   (no helmet)
rElec    .         Reflect  .   d - +0 cloak
rCorr    +         Harm     .   (no gloves)
MR       .....                  (no boots)
Stlth    +++++.....             (no amulet)
HPRegen  0.52/turn              j - ring of flight
MPRegen  0.10/turn              n - ring of resist corrosion {!d}

@: brilliant
A: small, camouflage 1, carnivore, regeneration 1
a: Evoke Flight


You were on level 3 of the Dungeon.
You were completely stuffed.

You visited 1 branch of the dungeon, and saw 3 of its levels.

You collected 34 gold pieces.

Inventory:

Hand Weapons
 a - a +1 dagger of speed (weapon)
 b - a +0 blowgun
Missiles
 e - 37 poisoned needles
 f - 2 curare-tipped needles
Armour
 d - a +0 cloak (worn)
 q - a +2 robe (worn)
Jewellery
 j - a ring of flight (left hand)
 n - a ring of resist corrosion (right hand) {!d}
Scrolls
 c - 3 scrolls of remove curse {unknown}
 i - a scroll of enchant weapon {unknown}
 k - a scroll of teleportation {unknown}
 l - a scroll of identify {unknown}
 m - a scroll of magic mapping {unknown}
Potions
 h - a potion of degeneration {unknown}
Comestibles
 g - 5 rations
 r - 3 chunks of flesh


   Skills:
 + Level 3.9 Fighting
 * Level 6.2 Short Blades
 - Level 2.1 Throwing
 - Level 1.2 Dodging
 + Level 6.8 Stealth


You had 5 spell levels left.
You didn't know any spells.

Dungeon Overview and Level Annotations

Branches:
Dungeon (3/15)

Altars:
The Shining One


Innate Abilities, Weirdness & Mutations

You are small and have problems with some larger weapons.
You are carnivorous and can eat meat at any time.
Your skin changes colour to match your surroundings (Stealth+).
Your natural rate of healing is unusually fast.


Message History

The adder closely misses you.
You closely miss the adder.
The adder is severely wounded.
The adder closely misses you.
An adder is nearby!
An adder is nearby!
You closely miss the adder.
The adder is severely wounded.
An adder is nearby!
You barely miss the adder.
The adder is severely wounded.
The adder bites you.
You take 5 damage, and have 31/38 hp.
You closely miss the adder.
The adder is severely wounded.
You barely miss the adder.
The adder is severely wounded.
The adder barely misses you.
You hit the adder.
You kill the adder!
A rat comes into view.
Health restored: 38 An adder comes into view.
The helpless adder fails to defend itself.
You skewer the adder like a kebab!!!
You kill the adder!
The rat is too close now for your liking.
The helpless rat fails to defend itself.
You skewer the rat like a kebab!!!
You kill the rat!
You see here a rat corpse.
Found a stone staircase leading down.
No target in view!
An orc and an orc priest come into view.
The orc priest shouts!
The orc shouts!
You hear a shout! x2
Found 18 arrows.
An orc comes into view. It is wielding a whip.
You hit the orc but do no damage. The orc closely misses you.
The orc priest begins to cast a cantrip, but forgets the words!
You hit the orc.
The orc is heavily wounded.
You hit the orc.
The orc is almost dead.
The orc hits you but does no damage.
You hit the orc.
You kill the orc!
b - a +0 blowgun (weapon)
Your hands tingle!
a - a +1 dagger of speed (weapon)
An orc and an orc priest come into view.
The orc priest moves out of view.
You see here a short sword.
You closely miss the orc. The orc barely misses you.
You hit the orc.
The orc is moderately wounded.
You hit the orc.
The orc is severely wounded.
The orc priest invokes the aid of Beogh against you.
Beogh smites you!
You hear a shout!
You take 15 damage, and have 23/38 hp.
MASSIVE DAMAGE!!
You hit the orc but do no damage.
The orc is severely wounded.
The orc misses you.
You hit the orc.
The orc is severely wounded.
You barely miss the orc.
The orc is severely wounded.
The orc misses you.
You hit the orc but do no damage.
The orc is severely wounded.
You hit the orc but do no damage.
The orc is severely wounded.
The orc hits you with a whip.
You take 2 damage, and have 21/38 hp.
The orc priest looks braver for a moment.
The orc priest miscasts a cantrip.
The orc priest mumbles some strange prayers to Beogh against you.
Beogh smites you!
* * * LOW HITPOINT WARNING * * *
The orc barely misses you.
You take 11 damage, and have 13/38 hp.
MASSIVE DAMAGE!!
You see here a rat corpse.
The orc priest closely misses you.
The orc priest miscasts a cantrip.
The orc priest calls down the wrath of Beogh upon you.
Beogh smites you!
* * * LOW HITPOINT WARNING * * *
You take 10 damage, and have 3/38 hp.
MASSIVE DAMAGE!!
Okay, then.
Okay, then.
It was a potion of brilliance.
You feel clever all of a sudden. The orc closely misses you.
It was a potion of mutation.
You feel extremely strange.
You begin to heal more quickly.
Your skin functions as natural camouflage.
The orc priest invokes the aid of Beogh against you.
Beogh smites you!
You die...

################
###........o.....#
....############.#
##.## ##### #o#
....# #.# #....#
(..
.########.####..#.#
##.
.........oo......##
#########o###.....#
#@###.....#
#.........#
#####.....#
#..#.### #...†..#
##.#.##.# #....#
######.÷..#
.....#....#


You could see 2 orc priests and 2 orcs.

Vanquished Creatures
  Sigmund (D:2)
  Terence (D:2)
  3 adders
  An ooze (D:2)
  A worm (D:2)
  2 dart slugs
  2 leopard geckos
  2 orcs (D:3)
  A giant cockroach (D:1)
  5 goblins
  6 hobgoblins
  4 jackals (D:1)
  3 kobolds
  2 ball pythons
  4 bats
  A frilled lizard (D:1)
  8 rats
47 creatures vanquished.

Notes
Turn   | Place    | Note
-------+----------+-------------------------------------------
     0 | D:1      | Monsterracer the Kobold Assassin began the quest for the Orb.
     0 | D:1      | Reached XP level 1. HP: 12/12 MP: 1/1
   320 | D:1      | Reached XP level 2. HP: 18/18 MP: 2/2
   511 | D:1      | Found a glowing golden altar of the Shining One.
   569 | D:1      | Reached XP level 3. HP: 17/22 MP: 3/3
  1426 | D:2      | Noticed Terence
  1470 | D:2      | HP: 4/22 [Terence/morningstar (11)]
  1475 | D:2      | Killed Terence
  1475 | D:2      | Reached XP level 4. HP: 3/28 MP: 4/4
  2078 | D:2      | Noticed Sigmund
  2082 | D:2      | Killed Sigmund
  2082 | D:2      | Reached XP level 5. HP: 33/33 MP: 5/5
  2082 | D:2      | Reached XP level 6. HP: 38/38 MP: 6/6
  2723 | D:3      | HP: 13/38 [orc priest/divine providence (11)]
  2729 | D:3      | HP: 3/38 [orc priest/divine providence (11)]
  2731 | D:3      | Gained mutation: Your natural rate of healing is unusually fast. [potion of mutation]
  2731 | D:3      | Gained mutation: Your skin changes colour to match your surroundings (Stealth+). [potion of mutation]
  2731 | D:3      | Killed from afar by an orc priest

Skill      XL: |  1  2  3  4 |
---------------+-------------+-----
Short Blades   | 3 4 6 |  6.2
Fighting       | 3 |  3.9
Stealth        | 6 |  6.8
Throwing       | |  2.1
Dodging        | |  1.2

Action                   |  1- 3 |  4- 6 || total
-------------------------+-------+-------++-------
Melee: Dagger            |    85 |    77 ||   162
 Fire: Blowgun           |     4 |     1 ||     5
  Use: Potion            |       |     2 ||     2
 Stab: Sleeping          |     8 |     5 ||    13
       Distracted        |       |     1 ||     1
  Eat: Chunk             |    10 |     4 ||    14
Armor: Robe              |     4 |    13 ||    17
       Ring mail         |    24 |     2 ||    26
Dodge: Dodged            |    58 |    41 ||    99

Vault maps used:
D:1:      dpeg_arrival_windows_large_door, tso_metal_star
D:2:      uniq_terence, uniq_sigmund
D:3:      wad_river_or_something, first_ration,
          hangedman_abyss_or_decor_lesser_grid
